 Dungeon Crawl Stone Soup version 0.29-a0-613-gf2c431b9b9 (webtiles) character file.

Game seed: 5744138798359592071

289 HoaS the Cudgeller (level 6, -1/62 HPs)
             Began as an Ogre Berserker on June 16, 2022.
             Was a Believer of Trog.
             Shot with an arrow by a centaur (10 damage)
             ... on level 6 of the Dungeon.
             The game lasted 00:06:47 (3257 turns).

HoaS the Cudgeller (Ogre Berserker)                 Turns: 3257, Time: 00:06:48

Health: -1/62      AC:  3    Str: 24    XL:     6   Next: 31%
Magic:  6/6        EV: 10    Int:  8    God:    Trog [**....]
Gold:   60         SH:  0    Dex:  8    Spells: 5/5 levels left

rFire   . . .      SeeInvis .   j - +2 morningstar (vamp)
rCold   . . .      Faith    .   (no shield)
rNeg    . . .      Spirit   .   b - +0 animal skin
rPois   .          Reflect  .   (helmet restricted)
rElec   .          Harm     .   (no cloak)
rCorr   .          Rampage  .   (gloves unavailable)
Will    .....                   (boots unavailable)
Stlth   +.........              (no amulet)
HPRegen 0.20/turn               (no ring)
MPRegen 0.10/turn               (no ring)

@: no status effects
A: large, unfitting armour, tough skin 1
a: Renounce Religion, Berserk, Trog's Hand


You were on level 6 of the Dungeon.
You worshipped Trog.
Trog was pleased with you.
You visited 1 branch of the dungeon, and saw 4 of its levels.

You collected 60 gold pieces.

Inventory:

Hand Weapons
 j - a +2 vampiric morningstar (weapon)
Armour
 b - a +0 animal skin (worn)
Potions
 a - a potion of degeneration {unknown}
 c - a potion of lignification {unknown}
 d - a potion of curing {unknown}
 e - a potion of magic {unknown}
 i - a potion of mutation {unknown}


   Skills:
 - Level 4.0 Fighting
 * Level 6.3 Maces & Flails
 - Level 2.6 Dodging


You had 5 spell levels left.
You didn't know any spells.
Your spell library was empty.

Dungeon Overview and Level Annotations

Branches:
Dungeon (3/15)

Altars:
Yredelemnul


Innate Abilities, Weirdness & Mutations

You are too large for most types of armour.
You have tough skin. (AC +1)


Message History

You start waiting.
You recover from your berserk rage.
An iguana comes into view.
You closely miss the iguana. The iguana bites you.
You puncture the iguana!
The iguana is heavily wounded.
The iguana closely misses you. The iguana bites you!
You closely miss the iguana.
The iguana is heavily wounded.
The iguana bites you but does no damage.
You impale the iguana!!
You kill the iguana!
Trog accepts your kill.
No target in view!
You start resting.
HP restored.
You see here an iguana corpse.
An orc comes into view. It is wielding a +0 dagger.
The orc hits you but does no damage.
You puncture the orc!
You kill the orc!
Trog accepts your kill.
No target in view!
Things that are here:
a +0 dagger; a +0 ring mail
Found a stone staircase leading up.
Found a chain mail and a scroll labelled KUMECV NOGYPT.
There is a stone staircase leading up here.
Found a robe.
A centaur comes into view.
The centaur wields a +0 shortbow.
The centaur shoots an arrow.
The arrow barely misses you.
The centaur shoots an arrow.
The arrow hits you!
The centaur shoots an arrow.
The arrow hits you!
The centaur shoots an arrow.
The arrow hits you.
You see here a scroll labelled KUMECV NOGYPT.
The centaur shoots an arrow.
The arrow hits you!
The centaur shoots an arrow.
The arrow hits you!
* * * LOW HITPOINT WARNING * * *
The centaur shoots an arrow.
The arrow hits you!
You die...

## ####.#####
..#..#...##
.........# #.
#........# .##..
##.......#
#....####....c..#
.........?.@# .##
#......##..#[..#
##......#..#..[#
.............#
............##
.........<..#
...........####
....###....##.#####
...# #...........#.


You could see a centaur.

Vanquished Creatures
  A sky beast (D:6)
  An iguana (D:6)
  Terence (D:2)
  4 gnolls (D:3)
  4 adders
  A worm (D:2)
  4 dart slugs
  4 orcs
  9 bats
  2 endoplasms
  A giant cockroach (D:1)
  3 goblins
  6 hobgoblins
  6 jackals (D:1)
  4 kobolds
  2 quokkas
  7 ball pythons
  A frilled lizard (D:3)
  5 rats
66 creatures vanquished.

Notes
Turn   | Place    | Note
-------+----------+-------------------------------------------
     0 | D:1      | HoaS the Ogre Berserker began the quest for the Orb.
     0 | D:1      | Reached XP level 1. HP: 24/24 MP: 1/1
   140 | D:1      | Reached skill level 3 in Maces & Flails
   161 | D:1      | Reached XP level 2. HP: 28/32 MP: 2/2
   449 | D:1      | Found a faded altar of an unknown god.
   466 | D:1      | Reached XP level 3. HP: 26/39 MP: 3/3
   954 | D:2      | Found a basalt altar of Yredelemnul.
  1010 | D:2      | Reached skill level 4 in Maces & Flails
  1170 | D:2      | Reached ** piety under Trog
  1317 | D:2      | Reached XP level 4. HP: 25/48 MP: 4/4
  1665 | D:2      | Noticed Terence
  1682 | D:2      | Killed Terence
  2411 | D:3      | Reached skill level 5 in Maces & Flails
  2415 | D:3      | Reached XP level 5. HP: 54/54 MP: 5/5
  3109 | D:3      | You fall into a shaft and drop 3 floors!
  3115 | D:6      | Noticed a sky beast
  3118 | D:6      | Killed a sky beast
  3119 | D:6      | Reached skill level 6 in Maces & Flails
  3119 | D:6      | Reached XP level 6. HP: 62/62 MP: 6/6
  3257 | D:6      | Shot with an arrow by a centaur

Illustrated notes

Levels and vault maps discovered:
D:1:      dpeg_arrival_three_same_balls, layout_loops_ring,
          hellmonk_ecumenical_altar_dog_temple
D:2:      layout_loops_corners, basic_altar, chequers_serial_rivers_small_b,
          kennysheep_pointless_box, grunt_ministairs_8, uniq_terence
D:3:      layout_rooms, gammafunk_ghost_smash
D:6:      layout_cave_pools, st_stairs_2, uniq_blork_the_orc

Skill      XL: |  1  2  3  4  5 |
---------------+----------------+-----
Maces & Flails | 3 4 5 6 |  6.3
Fighting       | |  4.0
Dodging        | |  2.6

Action                   |  1- 3 |  4- 6 || total
-------------------------+-------+-------++-------
Melee: Mace              |   116 |    25 ||   141
       Punch             |     2 |       ||     2
       Morningstar       |       |    82 ||    82
Invok: Berserk           |       |     2 ||     2
  Use: Scroll            |     1 |     2 ||     3
 Stab: Sleeping          |       |     1 ||     1
Armor: Animal skin       |    61 |    19 ||    80
Dodge: Dodged            |    74 |    45 ||   119

Table legend: (Time is in decaauts)
 A = Elapsed time spent in this place.
 B = Non-inter-level travel time spent in this place.
 C = Inter-level travel time spent in this place.
 D = Time resting spent in this place.
 E = Time spent auto-exploring this place.
 F = Levels seen in this place.
 G = Mean time per level.
                   A        B        C        D        E       F      G
               +--------+--------+--------+--------+--------+-----+--------+
         Total |   3330 |   3271 |     59 |   1324 |   1401 |   4 |  832.5 |
       Dungeon |   3330 |   3271 |     59 |   1324 |   1401 |   4 |  832.5 |
               +--------+--------+--------+--------+--------+-----+--------+

Top non-repeatable levels by time:
     D:2: 1596 daAuts
     D:1: 971 daAuts
     D:3: 604 daAuts
     D:6: 157 daAuts
